 Dungeon Crawl Stone Soup version 0.31-a0-473-g61b50ae490 (webtiles) character file.

Game seed: 17454252807441064299

192 LeprechaunX the Ruffian (level 5, -13/35 HPs)
             Began as an Octopode Shapeshifter on Aug 7, 2023.
             Mangled by an ogre
             ... wielding a +0 giant club
              (20 damage)
             ... on level 4 of the Dungeon.
             The game lasted 00:02:31 (2513 turns).

LeprechaunX the Ruffian (Octopode Shapeshifter)     Turns: 2513, Time: 00:02:31

Health: -13/35     AC:  1    Str: 17    XL:     5   Next: 71%
Magic:  5/5        EV: 13    Int: 10    God:
Gold:   132        SH:  0    Dex: 12    Spells: 4/4 levels left

rFire   . . .        e - +4 whip (elec)
rCold   . . .        (no shield)
rNeg    . . .        (helmet currently unavailable)
rPois   .            (no amulet)
rElec   .            (no ring)
rCorr   .            (no ring)
SInv    .            (no ring)
Will    .....        (no ring)
Stlth   ++           (no ring)
HPRegen 0.25/turn    (no ring)
MPRegen 0.09/turn    (no ring)
                     (no ring)

%: no passive effects
@: lethally poisoned (-13 -> -15), beast-form
A: beast (slay +2), almost no armour, amphibious, 8 rings, camouflage 1,
gelatinous body 1, (nimble swimmer 1), tentacles
a: Begin Untransformation


You were on level 4 of the Dungeon.
You were a hulking beast.
You visited 1 branch of the dungeon, and saw 4 of its levels.

You collected 132 gold pieces.

Inventory:

Hand Weapons
 e - a +4 whip of electrocution (weapon)
Missiles
 i - 3 atropa-tipped darts (quivered)
Talismans
 b - a beast talisman (active)
Scrolls
 c - a scroll of fog {unknown}
 d - a scroll of silence {unknown}
 f - 2 scrolls of fear {unknown}
 g - a scroll of enchant weapon {unknown}
 h - 4 scrolls of identify {unknown}
 k - a scroll of immolation {unknown}
 n - a scroll of teleportation {unknown}
Potions
 a - a potion of lignification
 j - a potion of heal wounds {unknown}
 l - a potion of magic {unknown}
 m - a potion of brilliance {unknown}


   Skills:
 + Level 2.7 Fighting
 + Level 3.2 Dodging
 + Level 4.0 Unarmed Combat
 + Level 3.7 Shapeshifting


You had 4 spell levels left.
You didn't know any spells.
Your spell library contained the following spells:

 Spells                   Type           Power      Damage    Failure   Level
 Magic Dart               Conj           0%         1d3       36%         1
 Call Imp                 Summ           0%         N/A       50%         2
 Mephitic Cloud           Conj/Pois/Air  0%         N/A       75%         3


Dungeon Overview and Level Annotations

Branches:
Dungeon (4/15)
 Temple: D:4-7

Altars:
Ru

Shops:
D:2 =


Innate Abilities, Weirdness & Mutations

You are a hulking beast.
Your limbs bulge with bestial killing power. (Slay +2)
You cannot wear most types of armour.
You are amphibious.
You can wear up to eight rings at the same time.
Your skin changes colour to match your surroundings (Stealth+).
Your rubbery body absorbs attacks. (AC +1, EV +1)
((You are camouflaged when in or above water. (Stealth+)))
You have tentacles for arms and can constrict up to eight enemies at once.


Message History

The atropa-tipped dart barely misses the scorpion.
The atropa-tipped dart hits the ogre.
The ogre resists.
Throw: 5 darts (atropa)
Press: ? - help, Q - select action Shift-Dir - straight line, f/p - scorpion
Aim: a scorpion (59% to hit, chance to blind on hit: 51%)
You throw an atropa-tipped dart.
The atropa-tipped dart closely misses the scorpion.
The atropa-tipped dart hits the ogre.
The ogre resists.
Throw: 4 darts (atropa)
Press: ? - help, Q - select action Shift-Dir - straight line, f/p - scorpion
Aim: a scorpion (59% to hit, chance to blind on hit: 51%)
You throw an atropa-tipped dart.
The atropa-tipped dart hits the scorpion.
The scorpion appears confused.
The scorpion seems less confused.
You catch the helpless scorpion completely off-guard!
You hit the scorpion. Your grab misses the scorpion.
Your squeeze misses the scorpion.
The scorpion is moderately wounded.
The scorpion is no longer blind.
The scorpion stings you. The ogre attacks as you move away!
The ogre closely misses you. The scorpion stings you.
You are poisoned.
The scorpion poisons you!
You hit the scorpion. You grab the scorpion. You squeeze the scorpion!
You kill the scorpion!
You feel sick.
Your Unarmed Combat skill increases to level 4!
Unknown command.
You whack the ogre!
The ogre is moderately wounded.
You feel sick. The ogre hits you with a +0 giant club!
* * * LOW HITPOINT WARNING * * *
Unknown command.
You hit the ogre. Your squeeze misses the ogre.
The ogre is heavily wounded.
You feel sick.
The ogre hits you with a +0 giant club!!
Ouch! That really hurt!
You die...

#.# #.# #.#
#######.#
..((.(..########.
#######.#........
........#.##########
.######O#..........#
#....h...<...###.#
#.###.##.....###.
#....'.........
######......###
...........#.#
##########...#
###.(# #... #..


You could see an ogre.

Vanquished Creatures
  A scorpion (D:4)
  5 adders
  3 worms (D:2)
  A dart slug (D:1)
  5 orcs (D:3)
  8 bats
  7 endoplasms
  2 giant cockroaches
  6 goblins
  6 hobgoblins
  5 kobolds
  4 quokkas
  4 ball pythons
  5 frilled lizards
  6 rats
68 creatures vanquished.

Notes
Turn   | Place    | Note
-------+----------+-------------------------------------------
     0 | D:1      | LeprechaunX the Octopode Shapeshifter began the quest for
                  | the Orb.
     0 | D:1      | Reached XP level 1. HP: 13/13 MP: 1/1
   131 | D:1      | Reached XP level 2. HP: 13/18 MP: 2/2
   722 | D:1      | Reached XP level 3. HP: 17/23 MP: 3/3
  1276 | D:2      | Found a sacrificial altar of Ru.
  1370 | D:2      | Found Yrghap's Jewellery Boutique.
  1500 | D:2      | Reached XP level 4. HP: 29/29 MP: 4/4
  2181 | D:3      | Reached XP level 5. HP: 35/35 MP: 5/5
  2501 | D:4      | Noticed an ogre
  2512 | D:4      | Reached skill level 4 in Unarmed Combat
  2513 | D:4      | Mangled by an ogre

Illustrated notes

Levels and vault maps discovered:
D:1:      dpeg_arrival_stone_temple_mockup, layout_basic, item_on_display_a
D:2:      layout_basic, basic_altar, serial_shops, shop, minivault_14
D:3:      layout_rooms, st_stairs_9, grunt_ministairs_7
D:4:      layout_basic, nicolae_kikubaaqudgha_miasma_corner, minmay_bisected

Skill      XL: |  1  2  3  4  5 |
---------------+----------------+-----
Fighting       | 2 |  2.7
Dodging        | 3 |  3.2
Unarmed Combat | 4 |  4.0
Shapeshifting  | |  3.7

Action                     |  1- 3 |  4- 6 || total
---------------------------+-------+-------++-------
  Melee: Unarmed           |    13 |       ||    13
         Constrict         |    18 |    12 ||    30
         Tentacles         |     4 |     8 ||    12
         Whip              |    54 |    51 ||   105
         Punch             |       |     2 ||     2
  Throw: Dart              |       |     3 ||     3
   Stab: Sleeping          |     3 |     7 ||    10
         Distracted        |     1 |       ||     1
         Invisible         |       |     1 ||     1
 Armour: Skin              |     4 |     4 ||     8
  Dodge: Dodged            |    43 |    33 ||    76

Table legend: (Time is in decaauts)
 A = Elapsed time spent in this place.
 B = Non-inter-level travel time spent in this place.
 C = Inter-level travel time spent in this place.
 D = Time resting spent in this place.
 E = Time spent auto-exploring this place.
 F = Levels seen in this place.
 G = Mean time per level.
                   A        B        C        D        E       F      G
               +--------+--------+--------+--------+--------+-----+--------+
         Total |   2521 |   2384 |    137 |      0 |   2007 |   4 |  630.2 |
       Dungeon |   2521 |   2384 |    137 |      0 |   2007 |   4 |  630.2 |
               +--------+--------+--------+--------+--------+-----+--------+

Top non-repeatable levels by time:
     D:1: 1043 daAuts
     D:2: 987 daAuts
     D:3: 457 daAuts
     D:4: 33 daAuts
